 Dungeon Crawl Stone Soup version 0.20.1-1-g8b1a95d (webtiles) character file.

42 seb29deBrest the Skirmisher (level 3, -2/36 HPs)
             Began as a Hill Orc Fighter on Nov 15, 2017.
             Slain by appiemonkey's ghost (7 damage)
             ... on level 4 of the Dungeon.
             The game lasted 00:03:17 (891 turns).

seb29deBrest the Skirmisher (Hill Orc Fighter)       Turns: 891, Time: 00:03:17

Health: -2/36      AC:  8    Str: 24    XL:     3   Next: 56%
Magic:  3/3        EV:  7    Int:  8    God:
Gold:   72         SH:  9    Dex: 10    Spells: 2/2 levels left

rFire    . . .     SeeInvis .   a - +0 war axe
rCold    . . .     Gourm    .   c - +0 shield
rNeg     . . .     Faith    .   b - +0 scale mail
rPois    .         Spirit   .   (no helmet)
rElec    .         Reflect  .   (no cloak)
rCorr    .         Harm     .   (no gloves)
MR       .....                  m - +0 pair of boots
Stlth    ..........             (no amulet)
Regen    0.2/turn               (no ring)
MPRegen  0.1/turn               (no ring)

@: mighty
A: talons 1, robust 1, evolution 1, MP-powered wands
a: no special abilities


You were on level 4 of the Dungeon.
You were not hungry.

You visited 1 branch of the dungeon, and saw 3 of its levels.

You collected 72 gold pieces.

Inventory:

Hand Weapons
 a - a +0 war axe (weapon)
Missiles
 h - 5 curare-tipped needles
Armour
 b - a +0 scale mail (worn)
 c - a +0 shield (worn)
 m - a +0 pair of boots (worn)
Jewellery
 l - a cursed ring of teleportation {unknown}
Scrolls
 e - a scroll of immolation {unknown}
 g - a scroll of identify {unknown}
 i - a scroll of remove curse {unknown}
Potions
 j - a potion of degeneration {unknown}
 k - a potion of mutation
Comestibles
 f - a bread ration
 n - a royal jelly


   Skills:
 + Level 3.9 Fighting
 + Level 3.6 Axes
 + Level 3.7 Armour
 + Level 0.2 Dodging
 + Level 0.1 Stealth
 + Level 3.6 Shields


You had 2 spell levels left.
You didn't know any spells.

Dungeon Overview and Level Annotations

Branches:
Dungeon (2/15)

Altars:

Annotations:
D:4 appiemonkey's ghost, amateur MiMo


Innate Abilities, Weirdness & Mutations

You have sharp toenails.
You are robust. (+10% HP)
You evolve.
You expend magic power (3 MP) to strengthen your wands.


Message History

Appiemonkey's ghost is moderately damaged.
Appiemonkey's ghost hits you. Appiemonkey's ghost barely misses you.
You slash appiemonkey's ghost!
Appiemonkey's ghost is heavily damaged.
Appiemonkey's ghost completely misses you.
You hit appiemonkey's ghost.
Appiemonkey's ghost is severely damaged.
Appiemonkey's ghost completely misses you.
You slash appiemonkey's ghost!
Appiemonkey's ghost is almost destroyed.
You block appiemonkey's ghost's attack. Appiemonkey's ghost hits you.
* * * LOW HITPOINT WARNING * * *
Your shield and scale mail prevent you from hitting appiemonkey's ghost.
Appiemonkey's ghost is almost destroyed.
Appiemonkey's ghost hits you.
* * * LOW HITPOINT WARNING * * *
You miss appiemonkey's ghost.
Appiemonkey's ghost is almost destroyed.
You block appiemonkey's ghost's attack. Appiemonkey's ghost hits you!
You die...

.# .# .. . .#
...#######.##
#..........#
##....W@...#
#.........#
#.........#
#..$......#
###########


You could see appiemonkey's ghost.

Vanquished Creatures
  A gnoll (D:1)
  A dart slug (D:1)
  A leopard gecko (D:1)
  A giant cockroach (D:1)
  7 goblins (D:1)
  2 hobgoblins
  2 jackals (D:1)
  4 bats
  2 frilled lizards (D:1)
  4 kobolds
  4 rats (D:1)
29 creatures vanquished.

Notes
Turn   | Place    | Note
-------+----------+-------------------------------------------
     0 | D:1      | seb29deBrest the Hill Orc Fighter began the quest for the Orb.
     0 | D:1      | Reached XP level 1. HP: 19/19 MP: 1/1
   131 | D:1      | Reached XP level 2. HP: 18/27 MP: 2/2
   381 | D:1      | Reached XP level 3. HP: 25/33 MP: 3/3
   875 | D:2      | You fall through a shaft for 2 floors!
   875 | D:4      | Noticed appiemonkey's ghost (amateur MiMo)
   885 | D:4      | Gained mutation: You are robust. (+10% HP) [potion of mutation]
   885 | D:4      | Gained mutation: You have sharp toenails. [potion of mutation]
   885 | D:4      | Gained mutation: You expend magic power (3 MP) to strengthen your wands. [potion of mutation]
   885 | D:4      | Gained mutation: You evolve. [potion of mutation]
   891 | D:4      | Slain by appiemonkey's ghost

Skill      XL: |  1  2 |
---------------+-------+-----
Axes           | 3 |  3.6
Fighting       | |  3.9
Armour         | |  3.7
Dodging        | |  0.2
Stealth        | |  0.1
Shields        | |  3.6

Action                   || total
-------------------------++-------
Melee: War axe           ||   109
  Use: Potion            ||     2
Armor: Scale mail        ||    57
Dodge: Dodged            ||    34
Block: Shield            ||    55
